 Dungeon Crawl Stone Soup version 0.29.1-12-g30fa7ad0bf (webtiles) character file.

Game seed: 3697673815429714752

257 hawla the Gusty (level 6, -1/43 (46) HPs)
             Began as a Meteoran Air Elementalist on Jan 8, 2023.
             Killed by their own static electricity (2 damage)
             ... on level 6 of the Dungeon.
             The game lasted 00:04:58 (685 turns).

hawla the Gusty (Meteoran Air Elementalist)          Turns: 685, Time: 00:04:59

HP:   -1/43 (46)    AC:  2    Str: 10    XL:     6   Next: 67%
MP:   2/13          EV: 13    Int: 20    God:
Gold: 79            SH:  0    Dex: 15    Spells: 6/13 levels left

rFire   + . .      SeeInvis .   g - +1 short sword of Jiviz {drain, rF+ Int+2}
rCold   . . .      Faith    .   (no shield)
rNeg    . . .      Spirit   .   a - +0 robe
rPois   .          Reflect  .   h - +0 hat
rElec   .          Harm     .   (no cloak)
rCorr   .          Rampage  .   (no gloves)
Will    .....                   (no boots)
Stlth   +.........              (no amulet)
HPRegen 0.14/turn               (no ring)
MPRegen 0.13/turn               (no ring)

@: glowing, drained
A: sense surroundings 1, otherworldly, glowing, explore regen
a: no special abilities


You were on level 6 of the Dungeon.
You visited 1 branch of the dungeon, and saw 6 of its levels.

You collected 79 gold pieces.

Inventory:

Hand Weapons
 g - the +1 short sword of Jiviz (weapon) {drain, rF+ Int+2}
   (You found it on level 4 of the Dungeon)

   A truly terrible weapon, it drains the life of any living foe it strikes.
   Int:       It affects your intelligence (+2).
   rF:        It protects you from fire.
Armour
 a - a +0 robe (worn)
 h - a +0 hat (worn)
Wands
 f - a wand of charming (12) (quivered)
Scrolls
 b - a scroll of silence {unknown}
 c - a scroll of torment {unknown}
 d - a scroll of noise {unknown}
 e - a scroll of amnesia {unknown}
 i - a scroll of identify {unknown}
Potions
 j - a potion of cancellation {unknown}


   Skills:
 - Level 0.3 Fighting
 - Level 2.8 Dodging
 - Level 1.4 Stealth
 - Level 4.0 Spellcasting
 - Level 2.5 Conjurations
 + Level 6.5 Air Magic
 - Level 2.0 Evocations


You had 6 spell levels left.
You knew the following spells:

 Your Spells              Type           Power      Damage    Failure   Level
a - Shock                 Conj/Air       88%        1d8       1%          1
b - Static Discharge      Conj/Air       22%        3-6/arc   3%          2
c - Airstrike             Air            15%        2d(3-19)  9%          4

Your spell library contained the following spells:

 Spells                   Type           Power      Damage    Failure   Level
 Swiftness                Air            30%        N/A       2%          3


Dungeon Overview and Level Annotations

Branches:
Dungeon (6/15) Zot: 2913
 Temple: D:4-7

Altars:
Makhleb


Innate Abilities, Weirdness & Mutations

You passively map a small area around you.
You are easily found by Zot.
You glow in the dark.
You regain HP and MP as you explore.


Message History

You are struck by an arc of lightning.
The lightning grounds out.
The necrophage misses you.
Unknown command.
Casting: Static Discharge (safe; 3% risk of failure)
Confirm with . or Enter, or press ? or * to list all spells.
The necrophage is struck by an arc of lightning.
The necrophage is heavily damaged.
You are struck by an arc of lightning.
The lightning grounds out.
The necrophage hits you.
Unknown command.
Casting: Static Discharge (safe; 3% risk of failure)
Confirm with . or Enter, or press ? or * to list all spells.
The necrophage is struck by an arc of lightning.
The necrophage is heavily damaged.
You are struck by an arc of lightning.
The necrophage is struck by an arc of lightning!
The necrophage is almost destroyed.
The lightning grounds out.
The necrophage hits you.
* * * LOW HITPOINT WARNING * * *
You feel drained.
* * * LOW HITPOINT WARNING * * *
Your magical contamination has completely faded away.
You barely miss the necrophage.
The necrophage is almost destroyed.
The necrophage hits you.
* * * LOW HITPOINT WARNING * * *
You feel drained.
You hit the necrophage but do no damage.
The necrophage is almost destroyed.
The necrophage hits you.
* * * LOW HITPOINT WARNING * * *
The necrophage hits you.
* * * LOW HITPOINT WARNING * * *
You feel drained.
Casting: Static Discharge (safe; 3% risk of failure)
Confirm with . or Enter, or press ? or * to list all spells.
The necrophage is struck by an arc of lightning.
The necrophage is almost destroyed.
You are struck by an arc of lightning.
You die...

* ** ## ** ,
#., ,,, #.
*,#* #.###
.# #... ..##
#n.# #...
#.@#...,..
#..#.#...#
#.......#
####..#.####
, #.......#
* #.##..###
, # *#..# ,,
* #..# *
*#..# *


You could see a necrophage.

Vanquished Creatures
  Edmund (D:4)
  A black bear (D:4)
  An adder (D:2)
  An ufetubus (D:5)
  2 worms
  4 orcs
  A ball python (D:4)
  A giant cockroach (D:2)
  2 goblins
  3 hobgoblins
  A ball python zombie (D:2)
  2 bats (D:1)
  A frilled lizard (D:1)
  4 kobolds
25 creatures vanquished.

Notes
Turn   | Place    | Note
-------+----------+-------------------------------------------
     0 | D:1      | hawla the Meteoran Air Elementalist began the quest for the
                  | Orb.
     0 | D:1      | Reached XP level 1. HP: 14/14 MP: 5/5
   145 | D:1      | Reached XP level 2. HP: 16/20 MP: 3/6
   148 | D:1      | Learned a level 2 spell: Static Discharge
   215 | D:2      | Found a burning altar of Makhleb.
   234 | D:2      | Reached skill level 4 in Air Magic
   323 | D:2      | Reached XP level 3. HP: 24/26 MP: 4/8
   493 | D:4      | Reached skill level 1 in Evocations
   516 | D:4      | Noticed a black bear
   525 | D:4      | Killed a black bear
   526 | D:4      | Reached XP level 4. HP: 26/34 MP: 0/11
   526 | D:4      | Reached XP level 5. HP: 30/39 MP: 0/12
   531 | D:4      | Learned a level 4 spell: Airstrike
   590 | D:4      | Identified the +1 short sword of Jiviz {drain, rF+ Int+2}
   600 | D:4      | Noticed Edmund
   612 | D:4      | Killed Edmund
   613 | D:4      | Reached skill level 6 in Air Magic
   613 | D:4      | Reached XP level 6. HP: 15/46 MP: 0/13
   665 | D:5      | Entered Level 5 of the Dungeon
   668 | D:4      | You fall into a shaft and drop 2 floors!
   684 | D:6      | HP: 2/44 [necrophage (4)]
   685 | D:6      | Killed from afar by themself

Illustrated notes

Levels and vault maps discovered:
D:1:      co_arrival_random_square_maze, layout_loops_corners,
          shapermc_ecumenical_altar_mp_highgroup, minmay_misc_feat_alley,
          chequers_mini_garden
D:2:      layout_loops_cross, serial_undead, serial_undead_d, serial_undead_d,
          serial_undead_a, serial_undead_f, serial_undead_f, serial_undead_e,
          basic_altar, uniq_terence
D:3:      kb_forest_paths, layout_basic, serial_glass, glass_columns_c,
          glass_columns_a, minmay_strange_pillars, minmay_strange_pillars,
          minmay_strange_pillars, serial_shops, shop, uniq_natasha, uniq_robin,
          uniq_ijyb
D:4:      layout_cave_pools, kennysheep_small_square, uniq_edmund
D:5:      layout_cave_pools, minmay_temple_entry_large_hall,
          minmay_misc_feat_more_columns, uniq_crazy_yiuf_cottage
D:6:      layout_loops_ring, nicolae_specific_store, minmay_shop_damaged,
          grunt_ministairs_6, uniq_prince_ribbit1, uniq_maggie

Skill      XL: |  1  2  3  4  5 |
---------------+----------------+-----
Spellcasting   | 3 4 |  4.0
Air Magic      | 4 6 |  6.5
Evocations     | 2 |  2.0
Conjurations   | 2 |  2.5
Fighting       | |  0.3
Dodging        | |  2.8
Stealth        | |  1.4

Action                   |  1- 3 |  4- 6 || total
-------------------------+-------+-------++-------
Melee: Unarmed           |     1 |       ||     1
       Short sword       |       |     8 ||     8
 Cast: Shock             |    45 |     9 ||    54
       Static Discharge  |     7 |     4 ||    11
       Airstrike         |       |     2 ||     2
  Use: Potion            |     1 |     1 ||     2
Armor: Robe              |     1 |       ||     1
Dodge: Dodged            |    10 |    11 ||    21
